[ AOE2 MATCH · #508076456 ]
UnrankedTurks vs Bohemians
Player's team · WIN
Rival team · LOSS
[ REPLAY ANALYSIS · EXTRACTED FROM THE RECORDED GAME ]
Feudal
10:58
Castle
20:15
Imperial
27:48
| APM avg | 31.9 |
| APM peak | 57 |
| eAPM avg | 17.2 |
| Villagers / military | 46 / 20 |
Focus
⚔️ 33.6% · 🌾 66.4%
Janissary ×11 · Scout Cavalry ×5 · Trebuchet (Packed) ×2 · Monk ×1 · Mangonel ×1
Feudal
8:07
Castle
23:12
Imperial
—
| APM avg | 38.7 |
| APM peak | 88 |
| eAPM avg | 22.8 |
| Villagers / military | 69 / 13 |
Focus
⚔️ 35.6% · 🌾 64.4%
Battering Ram ×7 · Monk ×5 · Hussite Wagon ×1
Match map
Initial resources + every placement click. Lines = walls · curves = elevation contours. ◆ gold · ⬟ stone · ● berries · ✦ relic · ◌ wall gap
Your base· ✓ Closed at 20:15 · 69t walls · 2 gate(s)
Corzak's base· ✓ Closed at 23:12 · 11t walls · 2 gate(s)
Smoothed initial terrain · ◌ = detected wall gap · hover for details
Inputs per minute
— Marbas - - Corzak
Build order — Marbas
First 150 of 161 actions detected
| 0:00 | Queue | Villager (Male) |
| 0:01 | Queue | Villager (Male) |
| 0:01 | Queue | Villager (Male) |
| 0:02 | Build | House |
| 0:03 | Build | House |
| 0:18 | Queue | Villager (Male) |
| 1:34 | Queue | Villager (Male) |
| 1:46 | Build | Lumber Camp |
| 2:07 | Queue | Villager (Male) |
| 2:24 | Queue | Villager (Male) |
| 2:52 | Queue | Villager (Male) |
| 2:52 | Queue | Villager (Male) |
| 3:37 | Queue | Villager (Male) |
| 3:37 | Queue | Villager (Male) |
| 3:50 | Build | House |
| 4:00 | Queue | Villager (Male) |
| 4:15 | Build | Mill |
| 5:00 | Queue | Villager (Male) |
| 5:01 | Queue | Villager (Male) |
| 5:31 | Build | House |
| 5:52 | Queue | Villager (Male) |
| 6:07 | Queue | Villager (Male) |
| 6:08 | Queue | Villager (Male) |
| 6:08 | Queue | Villager (Male) |
| 6:24 | Build | Palisade Wall |
| 6:51 | Build | House |
| 7:02 | Build | Mining Camp |
| 7:15 | Build | Mining Camp |
| 7:30 | Queue | Villager (Male) |
| 7:30 | Queue | Villager (Male) |
| 8:18 | Research | Loom |
| 8:18 | Research | Feudal Age |
| 8:43 | Build | Palisade Wall |
| 8:46 | Build | Palisade Wall |
| 9:23 | Build | Palisade Wall |
| 9:28 | Build | Palisade Wall |
| 9:31 | Build | Palisade Wall |
| 9:45 | Build | Palisade Wall |
| 9:47 | Build | Palisade Wall |
| 10:20 | Queue | Villager (Male) |
| 10:20 | Queue | Villager (Male) |
| 10:29 | Build | House |
| 10:58 | Age | Feudal Age |
| 11:01 | Research | Double-Bit Axe |
| 11:23 | Build | Palisade Wall |
| 11:23 | Build | Palisade Wall |
| 11:39 | Build | Palisade Wall |
| 11:57 | Queue | Villager (Male) |
| 11:57 | Queue | Villager (Male) |
| 12:20 | Queue | Villager (Male) |
| 13:06 | Build | Palisade Wall |
| 13:08 | Build | Palisade Wall |
| 13:10 | Build | Palisade Wall |
| 13:22 | Build | Palisade Wall |
| 13:27 | Queue | Villager (Male) |
| 13:27 | Queue | Villager (Male) |
| 13:29 | Research | Horse Collar |
| 13:45 | Build | Farm |
| 13:46 | Build | Farm |
| 14:00 | Build | Farm |
| 14:06 | Build | Farm |
| 14:09 | Build | Farm |
| 14:18 | Build | Farm |
| 14:23 | Queue | Villager (Male) |
| 14:33 | Build | Farm |
| 14:37 | Build | Farm |
| 15:00 | Build | Blacksmith |
| 15:04 | Queue | Villager (Male) |
| 15:05 | Queue | Villager (Male) |
| 15:14 | Build | Barracks |
| 15:55 | Queue | Villager (Male) |
| 15:57 | Build | Stable |
| 16:01 | Build | Stable |
| 16:07 | Build | Farm |
| 16:10 | Build | Farm |
| 16:39 | Build | Palisade Wall |
| 16:47 | Queue | Villager (Male) |
| 16:48 | Build | Farm |
| 16:50 | Build | Farm |
| 16:50 | Build | Farm |
| 16:50 | Build | Farm |
| 16:50 | Build | Farm |
| 17:04 | Build | Palisade Wall |
| 17:13 | Build | Palisade Wall |
| 17:29 | Build | Palisade Wall |
| 17:34 | Build | Farm |
| 17:35 | Research | Castle Age |
| 17:43 | Build | Palisade Wall |
| 17:45 | Build | Palisade Wall |
| 18:04 | Build | Palisade Wall |
| 18:15 | Build | Palisade Wall |
| 18:20 | Build | Palisade Wall |
| 18:21 | Build | Palisade Wall |
| 18:40 | Build | House |
| 18:49 | Build | Mining Camp |
| 19:18 | Build | Palisade Wall |
| 19:23 | Build | House |
| 19:26 | Build | Palisade Wall |
| 19:29 | Build | Palisade Wall |
| 19:32 | Build | Palisade Wall |
| 20:15 | Age | Castle Age |
| 20:18 | Build | Castle |
| 20:28 | Build | Castle |
| 20:37 | Research | Bow Saw |
| 20:39 | Queue | Villager (Male) |
| 20:39 | Queue | Villager (Male) |
| 20:56 | Research | Gold Mining |
| 21:01 | Queue | Villager (Male) |
| 21:11 | Queue | Scout Cavalry |
| 21:11 | Queue | Scout Cavalry |
| 21:31 | Queue | Villager (Male) |
| 21:47 | Build | Monastery |
| 21:51 | Build | Market |
| 22:05 | Build | Farm |
| 22:13 | Queue | Villager (Male) |
| 22:21 | Build | Farm |
| 22:25 | Queue | Janissary |
| 22:25 | Queue | Janissary |
| 22:34 | Research | Padded Archer Armor |
| 22:35 | Queue | Villager (Male) |
| 22:35 | Queue | Villager (Male) |
| 22:38 | Build | Lumber Camp |
| 22:46 | Queue | Janissary |
| 22:49 | Queue | Monk |
| 22:52 | Build | Farm |
| 23:02 | Queue | Scout Cavalry |
| 23:02 | Queue | Scout Cavalry |
| 23:11 | Queue | Janissary |
| 23:19 | Queue | Villager (Male) |
| 23:23 | Build | Farm |
| 23:42 | Queue | Janissary |
| 24:25 | Build | Siege Workshop |
| 24:38 | Research | Imperial Age |
| 25:30 | Build | Siege Workshop |
| 25:50 | Queue | Janissary |
| 26:06 | Queue | Mangonel |
| 26:25 | Queue | Scout Cavalry |
| 26:27 | Queue | Janissary |
| 26:27 | Queue | Janissary |
| 26:45 | Queue | Villager (Male) |
| 26:46 | Queue | Janissary |
| 26:47 | Research | Leather Archer Armor |
| 27:27 | Queue | Janissary |
| 27:30 | Build | House |
| 27:31 | Build | House |
| 27:32 | Build | House |
| 27:32 | Build | House |
| 27:42 | Queue | Janissary |
| 27:48 | Age | Imperial Age |
| 27:51 | Queue | Trebuchet (Packed) |
Build order — Corzak
First 150 of 151 actions detected
| 0:00 | Queue | Villager (Male) |
| 0:01 | Queue | Villager (Male) |
| 0:02 | Build | House |
| 0:03 | Build | House |
| 0:07 | Queue | Villager (Male) |
| 0:15 | Queue | Villager (Male) |
| 1:26 | Queue | Villager (Male) |
| 1:55 | Queue | Villager (Male) |
| 2:24 | Queue | Villager (Male) |
| 2:35 | Build | Lumber Camp |
| 2:38 | Queue | Villager (Male) |
| 2:55 | Queue | Villager (Male) |
| 2:59 | Build | House |
| 3:11 | Queue | Villager (Male) |
| 3:34 | Queue | Villager (Male) |
| 3:36 | Queue | Villager (Male) |
| 4:35 | Queue | Villager (Male) |
| 4:45 | Research | Loom |
| 5:18 | Build | Mining Camp |
| 5:57 | Research | Feudal Age |
| 6:52 | Queue | Villager (Male) |
| 6:54 | Build | House |
| 7:57 | Queue | Villager (Male) |
| 8:07 | Age | Feudal Age |
| 8:08 | Build | Watch Tower |
| 8:13 | Research | Double-Bit Axe |
| 8:22 | Build | Palisade Wall |
| 8:23 | Build | Palisade Wall |
| 8:26 | Build | Palisade Wall |
| 8:37 | Build | Mill |
| 8:43 | Queue | Villager (Male) |
| 9:01 | Queue | Villager (Male) |
| 9:10 | Queue | Villager (Male) |
| 9:51 | Queue | Villager (Male) |
| 9:55 | Build | House |
| 9:57 | Build | Blacksmith |
| 10:07 | Queue | Villager (Male) |
| 10:16 | Build | Farm |
| 10:26 | Build | Farm |
| 10:28 | Queue | Villager (Male) |
| 10:43 | Build | Watch Tower |
| 10:59 | Queue | Villager (Male) |
| 11:14 | Research | Fletching |
| 11:22 | Build | Palisade Wall |
| 11:32 | Queue | Villager (Male) |
| 12:00 | Queue | Villager (Male) |
| 12:18 | Build | Farm |
| 12:27 | Queue | Villager (Male) |
| 12:27 | Queue | Villager (Male) |
| 12:36 | Build | Watch Tower |
| 12:37 | Queue | Villager (Male) |
| 12:41 | Build | Palisade Wall |
| 12:43 | Build | Palisade Wall |
| 12:44 | Build | Palisade Wall |
| 12:59 | Build | Palisade Wall |
| 13:13 | Build | Farm |
| 13:14 | Build | Farm |
| 13:21 | Queue | Villager (Male) |
| 13:29 | Build | Farm |
| 13:32 | Build | Palisade Wall |
| 13:35 | Build | Palisade Wall |
| 13:38 | Build | Palisade Wall |
| 13:44 | Build | Farm |
| 13:49 | Queue | Villager (Male) |
| 13:52 | Build | Watch Tower |
| 14:00 | Build | House |
| 14:02 | Queue | Villager (Male) |
| 14:04 | Build | Farm |
| 14:04 | Build | Farm |
| 14:05 | Build | Farm |
| 14:06 | Build | Farm |
| 14:08 | Build | Farm |
| 14:13 | Queue | Villager (Male) |
| 14:15 | Build | House |
| 14:35 | Queue | Villager (Male) |
| 14:48 | Queue | Villager (Male) |
| 15:10 | Queue | Villager (Male) |
| 15:17 | Queue | Villager (Male) |
| 16:01 | Queue | Villager (Male) |
| 16:05 | Build | Mining Camp |
| 16:32 | Build | Watch Tower |
| 16:46 | Queue | Villager (Male) |
| 17:13 | Queue | Villager (Male) |
| 17:19 | Build | Watch Tower |
| 17:24 | Build | House |
| 17:26 | Queue | Villager (Male) |
| 17:40 | Build | House |
| 17:44 | Research | Wheelbarrow |
| 17:47 | Queue | Villager (Male) |
| 17:55 | Queue | Villager (Male) |
| 18:10 | Queue | Villager (Male) |
| 18:14 | Build | Watch Tower |
| 18:32 | Queue | Villager (Male) |
| 18:35 | Build | Market |
| 19:25 | Build | Watch Tower |
| 19:48 | Queue | Villager (Male) |
| 19:53 | Build | Farm |
| 20:32 | Research | Castle Age |
| 21:01 | Build | Mining Camp |
| 21:28 | Research | Horse Collar |
| 21:36 | Build | Mining Camp |
| 21:46 | Build | House |
| 22:03 | Queue | Villager (Male) |
| 22:49 | Build | Farm |
| 22:51 | Build | Farm |
| 22:56 | Build | Mining Camp |
| 23:12 | Age | Castle Age |
| 23:24 | Build | Castle |
| 23:27 | Queue | Villager (Male) |
| 23:30 | Build | Monastery |
| 23:41 | Research | Bow Saw |
| 23:41 | Queue | Villager (Male) |
| 23:41 | Queue | Villager (Male) |
| 23:58 | Queue | Villager (Male) |
| 24:05 | Build | Siege Workshop |
| 24:07 | Queue | Villager (Male) |
| 24:11 | Queue | Monk |
| 24:26 | Queue | Battering Ram |
| 24:35 | Queue | Villager (Male) |
| 24:40 | Queue | Villager (Male) |
| 24:42 | Build | Lumber Camp |
| 24:51 | Queue | Hussite Wagon |
| 24:55 | Queue | Villager (Male) |
| 25:02 | Queue | Villager (Male) |
| 25:20 | Build | Lumber Camp |
| 25:30 | Queue | Villager (Male) |
| 25:35 | Queue | Monk |
| 25:54 | Queue | Villager (Male) |
| 25:54 | Queue | Villager (Male) |
| 26:03 | Queue | Villager (Male) |
| 26:03 | Queue | Villager (Male) |
| 26:08 | Queue | Villager (Male) |
| 26:28 | Queue | Battering Ram |
| 26:30 | Queue | Villager (Male) |
| 26:39 | Queue | Villager (Male) |
| 26:47 | Queue | Battering Ram |
| 26:49 | Queue | Villager (Male) |
| 26:49 | Queue | Villager (Male) |
| 27:06 | Queue | Monk |
| 27:06 | Queue | Villager (Male) |
| 27:16 | Queue | Villager (Male) |
| 27:32 | Queue | Monk |
| 27:32 | Queue | Monk |
| 27:58 | Research | Imperial Age |
| 28:07 | Queue | Battering Ram |
| 28:07 | Queue | Battering Ram |
| 28:27 | Queue | Battering Ram |
| 28:33 | Queue | Villager (Male) |
| 28:44 | Queue | Villager (Male) |
| 29:01 | Queue | Battering Ram |
Match timeline
| 6:24 | Marbas · wall_segment Palisade Wall x1 |
| 8:07 | Corzak · age_up feudal |
| 8:22 | Corzak · wall_segment Palisade Wall x1 |
| 8:23 | Corzak · wall_segment Palisade Wall x1 |
| 8:26 | Corzak · wall_segment Palisade Wall x1 |
| 8:43 | Marbas · wall_segment Palisade Wall x8 |
| 8:46 | Marbas · wall_segment Palisade Wall x11 |
| 9:23 | Marbas · wall_segment Palisade Wall x4 |
| 9:28 | Marbas · wall_segment Palisade Wall x4 |
| 9:31 | Marbas · wall_segment Palisade Wall x5 |
| 9:45 | Marbas · wall_segment Palisade Wall x4 |
| 9:47 | Marbas · wall_segment Palisade Wall x2 |
| 10:58 | Marbas · age_up feudal |
| 11:22 | Corzak · wall_segment Palisade Wall x1 |
| 11:23 | Marbas · wall_segment Palisade Wall x1 |
| 11:23 | Marbas · wall_segment Palisade Wall x1 |
| 11:39 | Marbas · wall_segment Palisade Wall x1 |
| 12:41 | Corzak · wall_segment Palisade Wall x1 |
| 12:43 | Corzak · wall_segment Palisade Wall x1 |
| 12:44 | Corzak · wall_segment Palisade Wall x1 |
| 12:59 | Corzak · wall_segment Palisade Wall x1 |
| 13:06 | Marbas · wall_segment Palisade Wall x1 |
| 13:08 | Marbas · wall_segment Palisade Wall x1 |
| 13:10 | Marbas · wall_segment Palisade Wall x1 |
| 13:22 | Marbas · wall_segment Palisade Wall x4 |
| 13:32 | Corzak · wall_segment Palisade Wall x1 |
| 13:35 | Corzak · wall_segment Palisade Wall x1 |
| 13:38 | Corzak · wall_segment Palisade Wall x1 |
| 15:14 | Marbas · first_building Barracks |
| 15:57 | Marbas · first_building Stable |
| 16:39 | Marbas · wall_segment Palisade Wall x7 |
| 17:04 | Marbas · wall_segment Palisade Wall x1 |
| 17:13 | Marbas · wall_segment Palisade Wall x4 |
| 17:29 | Marbas · wall_segment Palisade Wall x1 |
| 17:43 | Marbas · wall_segment Palisade Wall x1 |
| 17:45 | Marbas · wall_segment Palisade Wall x1 |
| 18:04 | Marbas · wall_segment Palisade Wall x1 |
| 18:15 | Marbas · wall_segment Palisade Wall x5 |
| 18:20 | Marbas · wall_segment Palisade Wall x1 |
| 18:21 | Marbas · wall_segment Palisade Wall x1 |
| 19:18 | Marbas · wall_segment Palisade Wall x1 |
| 19:26 | Marbas · wall_segment Palisade Wall x1 |
| 19:29 | Marbas · wall_segment Palisade Wall x1 |
| 19:32 | Marbas · wall_segment Palisade Wall x1 |
| 20:15 | Marbas · age_up castle |
| 20:18 | Marbas · first_building Castle |
| 21:47 | Marbas · first_building Monastery |
| 22:40 | Marbas · first_market_sell 100 wood |
| 23:12 | Corzak · age_up castle |
| 23:17 | Corzak · first_market_buy 100 stone |
| 23:24 | Corzak · first_building Castle |
| 23:30 | Corzak · first_building Monastery |
| 23:55 | Marbas · first_market_buy 100 food |
| 24:05 | Corzak · first_building Siege Workshop |
| 24:25 | Marbas · first_building Siege Workshop |
| 27:41 | Corzak · first_market_sell 100 wood |
| 27:48 | Marbas · age_up imperial |
| 28:46 | Marbas · wall_segment Stone Wall x6 |
| 29:50 | Corzak · resign |
[ AI ANALYSIS · 1 CREDIT ]
What really happened in this match?
Wolo.gg analyzes every decision: build order, eco, micro, common mistakes by bracket. Personalized analysis on WhatsApp or Discord in 30 seconds.
Civ guide
Turks
Perfil
Jugador #1322448